slyhack, chaotic female human Rogue --- ----- ---.------- --...| --.....--..| |....--- |..........| --.|...| |..........----- -----.--- --.............| |...| |.............| --..| -- |.........--.-- --..| .| |.........|--- -----...| ..- --.......-- ----.|.....| - ....| |....---- |..........| ......-- ----.--- --...--.....| .........-- |...| |...-----...------ ............-- |-<.-----.--- |.......@G.............(- |.........| ---...----- e...........| --..------- --...- .......-- ---- |.....| ...| --.|.-- ---- ----- slyhack the Cutpurse Experience level: 5 Strength: 13 Dexterity: 18 Constitution: 15 Intelligence: 10 Wisdom: 11 Charisma: 10 Health: 0(37) Energy: 16(16) Def: 5 Gold: 256 Moves: 2037 Dungeon seed: 3dBv8UIEyRLPKWMb Game ID: slyhack_1480599474 Your Inventory: Coins $ - 256 gold pieces Weapons a - a +0 short sword (weapon in hand) b - 5 +0 daggers (in quiver) m - a +0 orcish dagger x - 3 cursed -2 daggers Armor r - an uncursed +0 elven mithril-coat (being worn) Comestibles i - 2 uncursed eggs Tools j - a magic marker (0:41) k - an uncursed lock pick B - an uncursed sack Gems e - an uncursed worthless piece of black glass n - an uncursed worthless piece of orange glass q - an uncursed jade stone y - an uncursed worthless piece of red glass Contents of the sack: an uncursed scroll of gold detection an uncursed scroll of identify an uncursed scroll of teleportation an uncursed spellbook of confuse monster an uncursed spellbook of identify an uncursed potion of sickness an uncursed luckstone Spells and supernatural/magical abilities: Name Level Category Fail Memory W - pray for help -- divine ? -- Your skills at the end: Fighting Skills wands [Basic] Weapon Skills dagger [Basic] short sword [Basic] Spellcasting Skills Final Attributes: You were piously aligned. You were stealthy. You are dead. Vanquished creatures: a rock mole 4 giant ants 2 wererats a hobbit a hobgoblin a giant rat 2 cave spiders 4 gnomes a gecko 4 jackals a kobold 3 goblins 2 sewer rats 5 grid bugs 4 lichens 4 newts 40 creatures vanquished. Voluntary challenges: You used a wielded weapon 62 times, starting on turn 63. You read items or engraved 5 times, starting on turn 1554. You never genocided any monsters. You never polymorphed an object. You never changed form. You used no wishes. You never split a pudding. You wrote Elbereth's name 5 times, starting on turn 1554. You never violated your personal moral code. Dungeon overview: The Dungeons of Doom: levels 1 to 5 Level 1 an altar to Mog a long staircase Level 2 a general store, a fountain, some sinks Level 3 an altar to Issek Level 4 a sink stairs to The Gnomish Mines Level 5 The Gnomish Mines: Level 5 <- You were here stairs to The Dungeons of Doom History has recorded: On T:1 you entered the Dungeons of Doom to retrieve the Amulet of Yendor! On T:78 you reached level 2 of The Dungeons of Doom. On T:378 you advanced to experience level 2. On T:662 you reached level 3 of The Dungeons of Doom. On T:731 you advanced to experience level 3. On T:1068 you reached level 4 of The Dungeons of Doom. On T:1315 you advanced to experience level 4. On T:1562 you reached level 1 of The Gnomish Mines. On T:1783 you reached level 5 of The Dungeons of Doom. On T:1996 you advanced to experience level 5. Score breakdown: Gold: 256 ( 8197 points) Experience: 5 levels (11141 points) Exploration: 5 levels ( 9.80%) ( 8485 points) Discoveries: 0 items ( 0.00%) ( 0 points) Valuables value: (no points given unless you survive) Artifact value: 0 ( 0 points) Variety of kills: 16 monsters ( 4.18%) ( 6131 points) Turncount: 2037 turns ( -28 points) Survival: died (score multiplied by 80%) Total score: 27140 Latest messages: The kitten devours a tripe ration. You displace your kitten. The gnome lord wields a crossbow! The gnome lord swings his crossbow at you. The gnome lord hits! You hit the gnome lord! The gnome lord swings his crossbow at you. The gnome lord hits! You hit the gnome lord. The dagger hits the gnome lord. The gnome lord swings his crossbow at you. The gnome lord hits! You write in the dust with your fingers. The gnome lord turns to flee! The gnome lord swings his crossbow at you. The gnome lord hits! You add to the writing in the dust with your fingers. (2x) The gnome lord swings his crossbow at you. The gnome lord hits! You die... Final status: Goodbye slyhack the Rogue, killed by a gnome lord... You died in The Gnomish Mines on dungeon level 5 with 27140 points, and 256 pieces of gold, after 2037 moves. You were level 5 with a maximum of 37 hit points when you died.